 Dungeon Crawl Stone Soup version 0.30.1-11-g7821555f0a (webtiles) character file.

Game seed: 10781865500615356492

1477 pkoi the Stinger (level 8, 0/62 HPs)
             Began as a Purple Draconian Venom Mage on Nov 20, 2023.
             Was an Initiate of Yredelemnul.
             Killed from afar by a white imp (6 damage)
             ... with a puff of frost
             ... on level 6 of the Dungeon.
             The game lasted 00:12:01 (5785 turns).

pkoi the Stinger (Purple Draconian Venom Mage)      Turns: 5785, Time: 00:12:02

Health: 0/62       AC: 11    Str: 15    XL:     8   Next: 49%
Magic:  12/22      EV: 12    Int: 16    God:    Yredelemnul [......]
Gold:   218        SH:  0    Dex: 11    Spells: 7/14 levels left

rFire   . . .        v - +6 hammer of Eternal Night {speed, *Noise rCorr Str+4 Int-2}
rCold   . . .        (no shield)
rNeg    . . .        (body armour unavailable)
rPois   .            g - +1 hat
rElec   .            q - +2 cloak
rCorr   +            (no gloves)
SInv    .            f - +0 pair of boots
Will    +....        r - amulet of the acrobat
Stlth   ++           d - ring of magical power
HPRegen 0.30/turn    (no ring)
MPRegen 0.18/turn

%: acrobat
@: very slightly contaminated
A: breathe power, AC +6, unfitting armour, cold-blooded
a: Breathe Dispelling Energy, Renounce Religion, Recall Undead Harvest


You were on level 6 of the Dungeon.
You worshipped Yredelemnul.
Yredelemnul was noncommittal.
You visited 1 branch of the dungeon, and saw 7 of its levels.

You collected 308 gold pieces.
You spent 90 gold pieces at shops.

Inventory:

Hand Weapons
 c - a +0 dagger
 e - a +4 dagger of venom
 o - a +1 dagger of speed
 v - the +6 hammer of Eternal Night (weapon) {speed, *Noise rCorr Str+4 Int-2}
   (You found it on level 4 of the Dungeon)

   Str:       It affects your strength (+4).
   Int:       It affects your intelligence (-2).
   *Noise:    It may make noises in combat.
   rCorr:     It protects you from acid and corrosion.
Armour
 f - a +0 pair of boots (worn)
 g - a +1 hat (worn)
 q - a +2 cloak (worn)
Magical Staves
 b - a staff of cold
Jewellery
 d - a ring of magical power (left hand)
 r - an amulet of the acrobat (around neck)
Wands
 h - a wand of digging (4)
 l - a wand of iceblast (7)
Scrolls
 s - 2 scrolls of teleportation
 u - a scroll of magic mapping
Potions
 a - 2 potions of magic
 j - 2 potions of might
 k - 2 potions of lignification
 m - a potion of heal wounds
 n - a potion of invisibility
 p - a potion of curing


   Skills:
 + Level 2.4 Fighting
 - Level 3.0 Dodging
 - Level 1.7 Stealth
 + Level 5.2 Unarmed Combat
 + Level 3.6 Spellcasting
 - Level 4.1 Transmutations
 + Level 3.3 Air Magic
 + Level 6.3 Poison Magic


You had 7 spell levels left.
You knew the following spells:

 Your Spells              Type           Power      Damage    Failure   Level
a - Sting                 Tmut/Pois      76%        1d6       1%          1
b - Poisonous Vapours     Pois/Air       36%        N/A       3%          2
c - Olgreb's Toxic Radia  Pois           23%        N/A       13%         4

Your spell library contained the following spells:

 Spells                   Type           Power      Damage    Failure   Level
 Mephitic Cloud           Conj/Pois/Air  13%        N/A       14%         3


Dungeon Overview and Level Annotations

Branches:
Dungeon (7/15)
 Temple: D:4-7

Altars:
Makhleb
Ru
Uskayaw
Xom
Yredelemnul
Zin

Shops:
D:4 *


Innate Abilities, Weirdness & Mutations

You can breathe bolts of dispelling energy.
Your rich purple scales are hard. (AC +6)
You cannot fit into any form of body armour.
You are cold-blooded and may be slowed by cold attacks.


Message History

The white imp is heavily wounded.
The black bear looks even sicker.
The black bear closely misses you.
The black bear claws you but does no damage.
The black bear closely misses you. The black bear barely misses you.
The black bear claws you. x2; The white imp hits you.
* * * LOW HITPOINT WARNING * * *
The white imp freezes you.
You feel yourself slow down.
* * * LOW HITPOINT WARNING * * *
Aiming: Sting (safe; 1% risk of failure)
Press: ? - help, Q - select action, (/) - cycle Shift-Dir - straight line, f/p - black bear
Aim: a black bear (lightly wounded, very poisoned, 81% to hit)
The sting hits the black bear.
The black bear looks even sicker.
The black bear is moderately wounded.
Your toxic aura wanes.
The black bear barely misses you. The black bear claws you.
* * * LOW HITPOINT WARNING * * *
The black bear claws you.
* * * LOW HITPOINT WARNING * * *
The black bear bites you.
* * * LOW HITPOINT WARNING * * *
The black bear claws you but does no damage.
The black bear barely misses you. The white imp gestures at you.
The puff of frost misses you.
Unknown command.
Aiming: Sting (safe; 1% risk of failure)
Press: ? - help, Q - select action, (/) - cycle Shift-Dir - straight line, f/p - black bear
Aim: a black bear (moderately wounded, very poisoned, 81% to hit)
The sting hits the black bear.
The black bear looks as sick as possible!
The black bear is heavily wounded.
You feel yourself speed up. The black bear barely misses you.
The black bear claws you but does no damage. x2
The black bear closely misses you. The black bear completely misses you.
The black bear claws you but does no damage.
The white imp gestures at you. The puff of frost hits you.
You die...
Your body rises from the dead as a mindless zombie.

..# ###########....#
#..^......#....#
#.........#....#
#.........#....#
#....[@h.......#
#...))5h..#....#
#....[....#....#...
#..................
..............####..
.....##.....#.#
###.#...#####.#
#....#.# #.#
#<#.##.# #.#


You could see 2 black bears and a white imp.

Vanquished Creatures
  Sigmund (D:2)
  A wyvern (D:3)
  Menkaure (D:4)
  Edmund (D:6)
  A water moccasin (D:7)
  Blork the orc (D:6)
  3 killer bees (D:7)
  3 crimson imps
  A hound (D:7)
  An orc priest (D:3)
  Crazy Yiuf (D:4)
  A gnoll bouda (D:7)
  Jessica (D:2)
  An iguana (D:6)
  3 orc wizards
  Robin (D:3)
  4 gnolls (D:7)
  An adder (D:3)
  4 worms
  2 dart slugs
  14 orcs
  2 ball pythons
  8 bats
  12 endoplasms
  3 giant cockroaches
  8 hobgoblins
  4 jackals
  5 quokkas
  5 frilled lizards
  14 goblins
  11 kobolds
  6 rats
125 creatures vanquished.

Vanquished Creatures (collateral kills)
  A hound (D:7)
  An orc priest (D:3)
  A shadow imp (D:7)
  A dart slug (D:1)
  An orc (D:3)
  A giant cockroach (D:1)
  A goblin (D:1)
  3 jackals (D:1)
  A quokka (D:1)
  2 ball pythons
  A bat (D:1)
  A kobold (D:1)
  6 rats
21 creatures vanquished.

Vanquished Creatures (others)
  2 killer bee zombies (D:7)
  5 bat zombies
  A ball python zombie (D:1)
  3 endoplasm zombies
  A giant cockroach zombie (D:2)
  2 goblin zombies
  A hobgoblin zombie (D:1)
  A jackal zombie (D:1)
  A kobold zombie (D:4)
  4 orc zombies
  2 quokka zombies (D:3)
  2 rat zombies (D:1)
25 creatures vanquished.

Grand Total: 171 creatures vanquished

Notes
Turn   | Place    | Note
-------+----------+-------------------------------------------
     0 | D:1      | pkoi the Draconian Venom Mage began the quest for the Orb.
     0 | D:1      | Reached XP level 1. HP: 14/14 MP: 3/3
    44 | D:1      | Found a faded altar of an unknown god.
    70 | D:1      | Prayed at the altar of an unknown god.
    70 | D:1      | Became a worshipper of Yredelemnul the Dark
    70 | D:1      | Reached * piety under Yredelemnul
   111 | D:1      | Reached XP level 2. HP: 19/20 MP: 0/5
   119 | D:1      | Reached ** piety under Yredelemnul
   496 | D:1      | Reached XP level 3. HP: 22/26 MP: 6/6
   500 | D:1      | Reached *** piety under Yredelemnul
   527 | D:1      | Reached skill level 1 in Unarmed Combat
  1221 | D:2      | Noticed Jessica
  1232 | D:2      | Killed Jessica
  1233 | D:2      | Reached XP level 4. HP: 27/33 MP: 7/7
  1392 | D:2      | Noticed Sigmund
  1415 | D:2      | Killed Sigmund
  1416 | D:2      | Reached skill level 4 in Poison Magic
  1416 | D:2      | Reached XP level 5. HP: 24/38 MP: 8/8
  1587 | D:2      | Reached XP level 6. HP: 45/45 MP: 9/9
  1797 | D:3      | Found a hide-covered altar of Uskayaw.
  2841 | D:3      | Reached skill level 5 in Poison Magic
  3032 | D:3      | Found a burning altar of Makhleb.
  3036 | D:3      | Found a glowing silver altar of Zin.
  3036 | D:3      | Noticed an angel
  3037 | D:3      | Noticed an Executioner
  3118 | D:3      | Found a shimmering altar of Xom.
  3500 | D:3      | Learned a level 2 spell: Poisonous Vapours
  3505 | D:3      | Learned a level 4 spell: Olgreb's Toxic Radiance
  3638 | D:4      | Noticed Robin
  3813 | D:4      | Noticed a wyvern
  3911 | D:3      | Killed a wyvern
  3912 | D:3      | Reached skill level 1 in Air Magic
  3912 | D:3      | Your scales start taking on a rich purple colour.
  3912 | D:3      | Reached XP level 7. HP: 30/50 MP: 10/10
  4003 | D:3      | Killed Robin
  4234 | D:4      | Noticed Menkaure
  4387 | D:4      | Found Pyqasan's Assorted Antiques.
  4457 | D:4      | Bought a ruby potion for 21 gold pieces
  4457 | D:4      | Bought a scroll labelled KUL RUMPOUDGH for 24 gold pieces
  4457 | D:4      | Bought a scroll labelled UTAAFETH UMNE for 24 gold pieces
  4457 | D:4      | Bought a bubbling puce potion for 21 gold pieces
  4768 | D:4      | Identified the +6 hammer of Eternal Night {speed, *Noise
                  | rCorr Str+4 Int-2}
  4774 | D:4      | Identified the +0 hammer of the Gazing Seeker {elec, *Slow
                  | +Blink rElec SInv}
  4789 | D:4      | Killed Menkaure
  4814 | D:4      | Found a runed translucent door.
  4815 | D:4      | Noticed Crazy Yiuf
  4866 | D:4      | HP: 3/75 [Crazy Yiuf/+3 quarterstaff of chaos (5)]
  4866 | D:4      | HP: 1/75 [Crazy Yiuf/+3 quarterstaff of chaos (2)]
  4869 | D:4      | Killed Crazy Yiuf
  5080 | D:5      | Entered Level 5 of the Dungeon
  5082 | D:5      | You fall into a shaft and drop 2 floors!
  5136 | D:7      | Reached XP level 8. HP: 51/58 MP: 12/12
  5219 | D:7      | Found a sacrificial altar of Ru.
  5221 | D:7      | Reached skill level 1 in Fighting
  5268 | D:6      | Noticed Edmund
  5285 | D:6      | Reached skill level 6 in Poison Magic
  5290 | D:6      | Killed Edmund
  5336 | D:7      | Reached skill level 5 in Unarmed Combat
  5670 | D:6      | Noticed Blork the orc
  5689 | D:6      | Killed Blork the orc
  5747 | D:6      | Your ally Blork died
  5785 | D:6      | Killed from afar by a white imp

Illustrated notes

Levels and vault maps discovered:
D:1:      eino_arrival_water_star, layout_loops_ring,
          ebering_ecumenical_altar_box, minmay_close_crescents
D:2:      layout_basic, minmay_fountain_box, dreamdust_mushroom_princess,
          uniq_jessica, uniq_sigmund
D:3:      wad_river_or_something, layout_basic,
          grunt_temple_overflow_order_and_chaos_2, led_xom_imps,
          mainiacjoe_overflow_boulevard, minmay_unequal
D:4:      layout_cave_pools, serial_shops, nicolae_lakefront_shop,
          minmay_misc_feat_columns, uniq_menkaure, uniq_robin,
          uniq_crazy_yiuf_cottage
D:5:      layout_cave_pools, nzn_wu_jian_council_hall,
          mainiacjoe_overflow_catwalk, hangedman_decor_diamond_cutter,
          kennysheep_cluttered_room
D:6:      layout_rooms, minmay_temple_entry_purple_smoke, uniq_edmund,
          uniq_blork_the_orc
D:7:      layout_basic, trog_three_pillars_becter,
          mainiacjoe_overflow_cross_hatched, lemuel_tele_altar,
          mainiacjoe_overflow_alcove_2

Skill      XL: |  1  2  3  4  5  6  7  8 |
---------------+-------------------------+-----
Transmutations | 2 3 4 |  4.1
Unarmed Combat | 1 3 4 5 |  5.2
Poison Magic   | 4 5 6 |  6.3
Dodging        | 2 3 |  3.0
Air Magic      | 1 2 3 |  3.3
Fighting       | 2 |  2.4
Spellcasting   | 3 |  3.6
Stealth        | |  1.7

Action                     |  1- 3 |  4- 6 |  7- 9 || total
---------------------------+-------+-------+-------++-------
  Melee: Unarmed           |     6 |       |       ||     6
         Dagger            |    99 |    49 |    10 ||   158
         Tailslap          |    11 |     5 |     6 ||    22
         Punch             |       |     1 |       ||     1
         Mace              |       |       |    44 ||    44
   Cast: Sting             |    37 |   132 |    73 ||   242
         Olgreb's Toxic Ra |       |       |     2 ||     2
         Poisonous Vapours |       |       |     2 ||     2
Ability: Breathe Dispellin |       |       |     1 ||     1
  Evoke: Wand              |       |       |     2 ||     2
    Use: Scroll            |     2 |     9 |     9 ||    20
         Potion            |       |       |     2 ||     2
   Stab: Sleeping          |     3 |     1 |       ||     4
         Distracted        |     2 |       |       ||     2
 Armour: Skin              |    45 |    52 |    29 ||   126
  Dodge: Dodged            |   100 |    86 |    90 ||   276
